 Dungeon Crawl Stone Soup version 0.29.1-15-g9cfb28693d (webtiles) character file.

Game seed: 2182887360174713152

9122 Eitelfritz the Thaumaturge (level 11, -6/66 HPs)
             Began as a Demonspawn Ice Elementalist on Mar 10, 2023.
             Was a Priest of Hepliaklqana.
             Mangled by Snorg (9 damage)
             ... on level 11 of the Dungeon.
             The game lasted 00:40:13 (10628 turns).

Eitelfritz the Thaumaturge (DsIE)                  Turns: 10628, Time: 00:40:13

Health: -6/66      AC: 14    Str: 10    XL:     11   Next: 18%
Magic:  12/24      EV: 12    Int: 20    God:    Hepliaklqana [***...]
Gold:   639        SH:  0    Dex: 13    Spells: 1/28 levels left

rFire   + . .      SeeInvis .   a - +0 quarterstaff
rCold   . . .      Faith    .   (shield currently unavailable)
rNeg    . . .      Spirit   .   F - +1 leather armour {rF+}
rPois   .          Reflect  .   p - +2 helmet
rElec   .          Harm     .   K - +0 cloak
rCorr   .          Rampage  .   y - +2 pair of gloves
Will    +....                   (boots unavailable)
Stlth   +++.......              E - amulet of the acrobat
HPRegen 0.21/turn               d - ring of wizardry
MPRegen 0.19/turn               l - ring of willpower

@: freezing walls
A: reduced essence, hooves 3, sharp scales 3, demonic magic 1
a: Renounce Religion, Recall Ancestor, Ancestor Identity, Transference


You were on level 11 of the Dungeon.
You worshipped Hepliaklqana.
Hepliaklqana was most pleased with you.
You visited 2 branches of the dungeon, and saw 12 of its levels.
You also visited: Bailey.

You collected 639 gold pieces.

Inventory:

Hand Weapons
 a - a +0 quarterstaff (weapon)
 m - a +0 short sword
 q - a +0 dagger of venom
Missiles
 h - 15 poisoned darts (quivered)
 I - 6 javelins
Armour
 p - a +2 helmet (worn)
 y - a +2 pair of gloves (worn)
 F - a +1 leather armour of fire resistance (worn)
 K - a +0 cloak (worn)
Magical Staves
 c - a staff of death
 n - a staff of poison
Jewellery
 d - a ring of wizardry (left hand)
 f - a ring of flight
 l - a ring of willpower (right hand)
 x - the ring "Hurucur" {rN+ Dex+2}
   (You found it on level 6 of the Dungeon)

   [ring of positive energy]

   Dex:       It affects your dexterity (+2).
   rN:        It protects you from negative energy.
 D - a +6 ring of strength
 E - an amulet of the acrobat (around neck)
Wands
 L - a wand of paralysis (2)
 M - a wand of iceblast (7)
Scrolls
 i - a scroll of amnesia
 t - 8 scrolls of teleportation
 u - 3 scrolls of silence
 v - a scroll of immolation
 z - 2 scrolls of poison
 C - a scroll of enchant armour
 G - a scroll of blinking {unknown}
 H - a scroll of enchant weapon {unknown}
 J - a scroll of acquirement {unknown}
Potions
 b - 2 potions of mutation {unknown}
 e - 2 potions of ambrosia {unknown}
 g - 3 potions of attraction
 j - 2 potions of heal wounds
 k - a potion of magic
 o - 4 potions of haste
 r - 5 potions of flight
 s - 4 potions of curing
 w - a potion of invisibility {unknown}
 A - 2 potions of resistance {unknown}
 B - a potion of cancellation {unknown}


   Skills:
 + Level 2.9 Fighting
 + Level 5.4 Staves
 + Level 0.1 Throwing
 + Level 1.8 Armour
 + Level 3.7 Dodging
 + Level 6.3 Stealth
 + Level 9.3 Spellcasting
 + Level 3.8 Conjurations
 + Level 9.0 Ice Magic
 + Level 2.9 Air Magic


You had one spell level left.
You knew the following spells:

 Your Spells              Type           Power      Damage    Failure   Level
a - Freeze                Ice            100%       1d11      1%          1
b - Frozen Ramparts       Ice            90%        1d14      1%          3
c - Ozocubu's Armour      Ice            45%        N/A       1%          3
d - Hailstorm             Conj/Ice       34%        3d9       2%          4
e - Shock                 Conj/Air       88%        1d8       1%          1
f - Swiftness             Air            21%        N/A       3%          3
g - Airstrike             Air            10%        2d(2-18)  12%         4
h - Foxfire               Conj/Fire      64%        2x1d7     1%          1
i - Conjure Flame         Conj/Fire      16%        6-21      6%          3
j - Flame Wave            Conj/Fire      16%        2d7       17%         4

Your spell library contained the following spells:

 Spells                   Type           Power      Damage    Failure   Level
 Inner Flame              Hex/Fire       9%         N/A       12%         3


Dungeon Overview and Level Annotations

Branches:
Dungeon (11/15)            Temple (1/1) D:4            Lair (0/5) D:9
    Orc (0/2) D:10         Bailey (visited)

Altars:
Ashenzari
Cheibriados
Dithmenos
Fedhas
Gozag
Hepliaklqana
Kikubaaqudgha
Makhleb
Nemelex Xobeh
Okawaru
Qazlal
Ru
Sif Muna
Trog
Uskayaw
Vehumet
Wu Jian
Xom
Yredelemnul

Shops:
D:4 *   D:7 [   D:8 (

Portals:
Abyss: D:4

Annotations:
D:7 2 transporters, duchin's ghost, novice MfIE
D:11 Snorg


Innate Abilities, Weirdness & Mutations

Your life essence is reduced to manifest your ancestor. (-10% HP)
You have hooves in place of feet.
You are completely covered in razor-sharp scales. (AC +3, Slay +3)
Spells you cast may paralyse adjacent enemies.


Message History

The wall freezes Snorg.
Snorg bites you! Snorg claws you. Snorg claws you!
The wall freezes the gargoyle but does no damage.
Unknown command.
Casting: Freeze (safe; 1% risk of failure)
Confirm with . or Enter, or press ? or * to list all spells.
Casting: Flame Wave (dangerous; 17% risk of failure)
Press: ? - help, Dir - look around, f - activate A wave of flame ripples out!
The flame wave engulfs Snorg!
Snorg is severely wounded. (Press . to intensify the flame waves.) Malevolent energies surge around you.
The wall freezes Snorg!
Snorg bites you. Snorg misses you. Snorg claws you but does no damage.
The wall freezes the gargoyle.
A wave of flame ripples out!
The flame wave engulfs Snorg.
Snorg is severely wounded.
The flame wave engulfs the gargoyle but does no damage.
The gargoyle is almost destroyed.
The wall freezes Snorg.
Snorg bites you but does no damage.
Snorg completely misses you. x2; The wall freezes Snorg.
Snorg misses you. Snorg barely misses you. Snorg completely misses you.
The wall freezes the gargoyle.
You destroy the gargoyle!
Your Ice Magic skill increases to level 9!
A wave of flame ripples out!
The flame wave engulfs Snorg!
Snorg is severely wounded.
You finish channelling waves of flame.
The wall freezes Snorg.
Snorg misses you. Snorg claws you!
* * * LOW HITPOINT WARNING * * *
Snorg claws you!
* * * LOW HITPOINT WARNING * * *
Press: ? - help, v - describe, . - travel
Here: Snorg (severely wounded, berserk)
A stone staircase leading up.
Unknown command.
Unknown command.
You feel much better.
The wall freezes Snorg.
Snorg bites you. Snorg claws you! Snorg barely misses you.
The wall freezes Snorg.
Snorg bites you!
* * * LOW HITPOINT WARNING * * *
Snorg claws you!
You die...

##+# ...
#####.####
#.....?..#
#........#
#####........#
+.@T).......^#
#####........#
#........#
#.........
#........#
#........#
##########


You could see Snorg (berserk).

Vanquished Creatures
  A boulder beetle (D:10)
  2 orc knights (Bailey)
  A manticore (D:8)
  A gargoyle (D:11)
  A komodo dragon (D:9)
  A wraith (D:10)
  2 shadows
  3 yaks (D:9)
  A steam dragon (D:10)
  The ghost of vampirul the Vexing, an amateur GnAM (D:4)
  3 water moccasins
  8 orc warriors
  2 ice beasts
  3 black bears
  A sky beast (D:6)
  2 ogres (D:4)
  A centaur (D:8)
  2 small abominations (D:4)
  A bullfrog (D:9)
  A kobold brigand (D:9)
  2 scorpions
  2 necrophages
  A wight (D:9)
  4 killer bees (D:10)
  2 howler monkeys
  2 orc priests
  2 hounds
  4 iguanas
  Terence (D:3)
  3 orc wizards
  Robin (D:3)
  5 gnolls
  9 adders
  A shadow imp (D:8)
  A white imp (D:6)
  An ufetubus (D:4)
  A worm (D:5)
  5 dart slugs
  41 orcs
  5 ball pythons
  7 endoplasms
  3 giant cockroaches
  7 hobgoblins
  4 jackals (D:2)
  9 kobolds
  3 quokkas
  3 bats (D:3)
  2 frilled lizards
  19 goblins
  7 rats
195 creatures vanquished.

Vanquished Creatures (collateral kills)
  A two-headed ogre (D:9)
  A troll (D:10)
  A yak (D:9)
  2 acid dragons
  An ice beast (D:7)
  2 orc warriors
  6 bullfrogs
  A necrophage (D:6)
  4 wights (D:9)
  2 killer bees (D:10)
  A howler monkey (D:6)
  2 hounds
  4 gnolls
  11 orcs
  A goblin (D:7)
40 creatures vanquished.

Vanquished Creatures (others)
  An ancestor (D:6)
  5 knights
  4 foxfires (D:10)
  36 fungi (D:9)
  72 plants (D:9)
118 creatures vanquished.

Grand Total: 353 creatures vanquished

Notes
Turn   | Place    | Note
-------+----------+-------------------------------------------
     0 | D:1      | Eitelfritz the Demonspawn Ice Elementalist began the quest
                  | for the Orb.
     0 | D:1      | Reached XP level 1. HP: 13/13 MP: 3/3
   204 | D:1      | Gained mutation: You are partially covered in razor-sharp
                  | scales. (AC +1, Slay +1) [demonic ancestry]
   204 | D:1      | Reached XP level 2. HP: 19/19 MP: 1/5
   476 | D:1      | Found a faded altar of an unknown god.
  1036 | D:2      | Gained mutation: You are mostly covered in razor-sharp
                  | scales. (AC +2, Slay +2) [demonic ancestry]
  1036 | D:2      | Reached XP level 3. HP: 24/24 MP: 3/6
  1416 | D:2      | Reached XP level 4. HP: 30/30 MP: 3/8
  1427 | D:2      | Learned a level 3 spell: Frozen Ramparts
  2064 | D:3      | Noticed Terence
  2075 | D:3      | Killed Terence
  2080 | D:3      | Reached skill level 5 in Ice Magic
  2080 | D:3      | Reached XP level 5. HP: 27/35 MP: 1/9
  2199 | D:3      | Found an iron altar of Okawaru.
  2217 | D:3      | Learned a level 3 spell: Ozocubu's Armour
  2368 | D:3      | Noticed Robin
  2384 | D:3      | Killed Robin
  3121 | D:4      | Found a sparkling altar of Nemelex Xobeh.
  3123 | D:4      | Found Giqizxio's Gadget Gallery.
  3147 | D:4      | Noticed an ogre
  3164 | D:4      | Killed an ogre
  3165 | D:4      | Gained mutation: You are completely covered in razor-sharp
                  | scales. (AC +3, Slay +3) [demonic ancestry]
  3165 | D:4      | Reached XP level 6. HP: 41/41 MP: 2/11
  3249 | D:4      | Found a transporter.
  3278 | D:4      | Reached skill level 1 in Staves
  3403 | D:4      | Learned a level 4 spell: Hailstorm
  3590 | D:4      | Found a staircase to the Ecumenical Temple.
  3604 | D:4      | Gained mutation: You have large cloven feet. [demonic
                  | ancestry]
  3604 | D:4      | Reached XP level 7. HP: 45/46 MP: 6/13
  3696 | D:4      | Found a one-way gate to the infinite horrors of the Abyss.
  3696 | D:4      | Noticed vampirul's ghost (amateur GnAM)
  3698 | D:4      | Found a transporter.
  3832 | Temple   | Entered the Ecumenical Temple
  3961 | Temple   | Became a worshipper of Hepliaklqana the Forgotten
  4028 | D:5      | Entered Level 5 of the Dungeon
  4300 | D:5      | Found a burning altar of Makhleb.
  4489 | D:5      | Reached skill level 5 in Spellcasting
  4967 | D:5      | Reached * piety under Hepliaklqana
  5381 | D:6      | Reached skill level 1 in Fighting
  5381 | D:6      | Gained mutation: Spells you cast may paralyse adjacent
                  | enemies. [demonic ancestry]
  5381 | D:6      | Reached XP level 8. HP: 41/48 MP: 9/16
  5383 | D:6      | Learned a level 1 spell: Shock
  5384 | D:6      | Identified the ring "Hurucur" {rN+ Dex+2}
  5993 | D:6      | Reached ** piety under Hepliaklqana
  6179 | D:6      | Remembered your ancestor Thamphthis as a knight
  6300 | D:7      | Reached skill level 1 in Air Magic
  6354 | D:7      | Reached skill level 1 in Conjurations
  6355 | D:7      | Found Ypuem's Antique Armour Emporium.
  6399 | D:7      | Found a blossoming altar of Fedhas.
  6405 | D:7      | Found a flagged portal.
  6418 | D:7      | Learned a level 3 spell: Swiftness
  6423 | D:7      | Learned a level 4 spell: Airstrike
  6425 | Bailey   | Entered a bailey
  6669 | Bailey   | Gained mutation: You have hoof-like feet. [demonic
                  | ancestry]
  6669 | Bailey   | Reached XP level 9. HP: 11/53 MP: 6/19
  6949 | Bailey   | Noticed an orc knight
  6949 | Bailey   | Noticed an orc knight
  6956 | Bailey   | Killed an orc knight
  6956 | Bailey   | Killed an orc knight
  6968 | Bailey   | Noticed an orc knight
  7239 | D:7      | Found the +4 dagger "Morg" {pain, Will+ Int+5}
  7372 | D:7      | Found a transporter.
  7386 | D:7      | Noticed duchin's ghost (novice MfIE)
  7523 | D:7      | Found a transporter.
  7527 | D:7      | Noticed a moth of wrath
  7741 | D:4      | Killed vampirul's ghost
  7937 | D:8      | Found Peetz's Antique Weapon Emporium.
  8157 | D:8      | Gained mutation: You have hooves in place of feet. [demonic
                  | ancestry]
  8157 | D:8      | Reached XP level 10. HP: 55/60 MP: 22/22
  8248 | D:8      | Noticed a manticore
  8256 | D:8      | Killed a manticore
  8513 | D:8      | Learned a level 1 spell: Foxfire
  8517 | D:8      | Learned a level 3 spell: Conjure Flame
  8565 | D:9      | Noticed a two-headed ogre
  8567 | D:9      | Killed a two-headed ogre
  8568 | D:9      | Reached skill level 1 in Armour
  8568 | D:9      | Reached skill level 5 in Stealth
  8699 | D:9      | Found a staircase to the Lair.
  8704 | D:9      | Reached skill level 5 in Staves
  8899 | D:9      | Reached *** piety under Hepliaklqana
  9543 | D:10     | Entered Level 10 of the Dungeon
  9760 | D:10     | Found a staircase to the Orcish Mines.
  9799 | D:10     | Reached XP level 11. HP: 39/66 MP: 21/24
 10133 | D:10     | Noticed a boulder beetle
 10135 | D:10     | Found a snail-covered altar of Cheibriados.
 10148 | D:10     | HP: 3/66 [boulder beetle (23)]
 10300 | D:10     | Killed a boulder beetle
 10347 | D:10     | Learned a level 4 spell: Flame Wave
 10611 | D:11     | Noticed Snorg
 10628 | D:11     | HP: 3/66 [Snorg (17)]
 10628 | D:11     | Mangled by Snorg

Illustrated notes

Levels and vault maps discovered:
D:1:      dpeg_arrival_tiny_i, layout_basic,
          shapermc_ecumenical_altar_acropolis, minmay_split_cup_large
D:2:      layout_basic
D:3:      layout_basic, okawaru_metal_pillars_1_2, uniq_terence, uniq_robin
D:4:      layout_cave_pools, zin_statuary, mainiacjoe_overflow_boulevard,
          minmay_temple_entry_mini_moons, gammafunk_ghost_abyssal_escape,
          nicolae_shop_gadgets
D:5:      layout_loops_ring, mainiacjoe_overflow_catwalk, st_stairs_13
D:6:      layout_gridville
D:7:      layout_basic, fedhas_altar_2, enter_bailey_3,
          gammafunk_ghost_berserking_beasts, serial_shops,
          nicolae_take_the_stairs
D:8:      layout_rooms, serial_shops, shop, minmay_misc_feat_iff
D:9:      layout_loops_ring, kennysheep_little_box, due_lair_maze_entry_diamond
D:10:     layout_cave_pools, mainiacjoe_overflow_paths
D:11:     layout_roguey, grunt_decor_resistance, minmay_alternating_orb,
          uniq_snorg
Temple:   regret_index_temple_waves

Skill      XL: |  1  2  3  4  5  6  7  8  9 10 11 |
---------------+----------------------------------+-----
Ice Magic      | 4 5 6 7 8 9 |  9.0
Dodging        | 2 3 |  3.7
Stealth        | 2 3 4 6 |  6.3
Spellcasting   | 3 4 5 7 8 9 |  9.3
Staves         | 1 2 3 5 |  5.4
Fighting       | 1 2 |  2.9
Air Magic      | 1 2 |  2.9
Conjurations   | 2 3 |  3.8
Armour         | 1 |  1.8
Throwing       | |  0.1

Action                   |  1- 3 |  4- 6 |  7- 9 | 10-12 || total
-------------------------+-------+-------+-------+-------++-------
Melee: Short sword       |    22 |     5 |       |       ||    27
       Quarterstaff      |       |    18 |    76 |    68 ||   162
       Kick              |       |       |    24 |    20 ||    44
Throw: Dart              |       |     2 |       |       ||     2
 Cast: Freeze            |    46 |    52 |    22 |    28 ||   148
       Frozen Ramparts   |       |     9 |    21 |    21 ||    51
       Ozocubu's Armour  |       |     2 |     2 |       ||     4
       Shock             |       |       |    37 |    15 ||    52
       Hailstorm         |       |       |    15 |     3 ||    18
       Foxfire           |       |       |       |     2 ||     2
       Flame Wave        |       |       |       |     1 ||     1
Invok: Ancestor Life: Kn |       |       |     1 |       ||     1
  Use: Scroll            |       |     6 |    11 |     1 ||    18
       Potion            |       |       |     3 |     2 ||     5
 Stab: Sleeping          |     3 |     4 |     4 |     3 ||    14
       Paralysed         |       |       |     9 |    14 ||    23
Armor: Robe              |     8 |    19 |    34 |       ||    61
       Leather armour    |       |       |     5 |    36 ||    41
Dodge: Dodged            |    36 |    36 |    77 |    81 ||   230
